 Dungeon Crawl Stone Soup version 0.28.0-43-g3370ac3207 (webtiles) character file.

Game seed: 9046055945445008018

613 pkoi the Zephyrmancer (level 7, -2/50 HPs)
             Began as a Black Draconian Air Elementalist on Mar 10, 2022.
             Slain by an ice beast (13 damage)
             ... on level 4 of the Dungeon.
             The game lasted 00:07:43 (6044 turns).

pkoi the Zephyrmancer (DrAE)                        Turns: 6044, Time: 00:07:44

Health: -2/50      AC:  6    Str: 10    XL:     7   Next: 20%
Magic:  5/10       EV: 12    Int: 18    God:
Gold:   86         SH:  0    Dex: 11    Spells: 0/10 levels left

rFire   . . .      SeeInvis .   j - +3 dagger (venom)
rCold   . . .      Faith    .   (no shield)
rNeg    . . .      Spirit   .   (armour unavailable)
rPois   .          Reflect  .   (helmet restricted)
rElec   +          Harm     .   (no cloak)
rCorr   .          Rampage  .   (no gloves)
Will    .....                   (no boots)
Stlth   ++........              (no amulet)
HPRegen 0.16/turn               (no ring)
MPRegen 0.12/turn               (no ring)

@: slowed, very slow
A: breathe lightning, AC +6, unfitting armour, electricity resistance,
cold-blooded
a: Breathe Lightning


You were on level 4 of the Dungeon.
You visited 1 branch of the dungeon, and saw 5 of its levels.

You collected 86 gold pieces.

Inventory:

Hand Weapons
 a - a +0 dagger
 h - a +3 dagger of flaming
 j - a +3 dagger of venom (weapon)
Wands
 l - a wand of charming (7)
 n - a wand of iceblast (9)
Scrolls
 d - 3 scrolls of identify
 e - a scroll of teleportation
 m - 3 scrolls of summoning {unknown}
Potions
 b - a potion of invisibility
 c - a potion of mutation {unknown}
 f - 2 potions of curing {unknown}
 g - 3 potions of heal wounds {unknown}
 i - a potion of resistance {unknown}
 k - a potion of attraction {unknown}


   Skills:
 - Level 1.7 Dodging
 - Level 1.7 Stealth
 + Level 2.3 Spellcasting
 - Level 1.0 Conjurations
 * Level 9.9 Air Magic


You couldn't memorise any spells.
You knew the following spells:

 Your Spells              Type           Power      Damage    Failure   Level
a - Shock                 Conj/Air       84%        1d8       1%          1
b - Airstrike             Air            18%        N/A       3%          4
c - Swiftness             Air            37%        N/A       1%          3
d - Static Discharge      Conj/Air       21%        N/A       2%          2

Your spell library contained the following spells:

 Spells                   Type           Power      Damage    Failure   Level
 Animate Skeleton         Necr           4%         N/A       19%         1
 Pain                     Necr           8%         1d4       19%         1
 Call Canine Familiar     Summ           2%         N/A       47%         3
 Portal Projectile        Hex/Tloc       4%         N/A       47%         3
 Vampiric Draining        Necr           2%         2d6       47%         3
 Cause Fear               Hex            1%         N/A       87%         4
 Leda's Liquefaction      Hex/Erth       1%         N/A       87%         4
 Dragon Form              Tmut           1%         N/A       100%        7
 Dragon's Call            Summ           1%         N/A       100%        9


Dungeon Overview and Level Annotations

Branches:
Dungeon (5/15)
 Temple: D:4-7

Altars:
Ashenzari
Uskayaw

Shops:
D:4 *

Annotations:
D:3 1 runed translucent door, sizableburger's ghost, amateur DsHu


Innate Abilities, Weirdness & Mutations

You can breathe wild blasts of lightning.
Your glossy black scales are hard. (AC +6)
You cannot fit into any form of body armour.
You are resistant to electric shocks. (rElec)
You are cold-blooded and may be slowed by cold attacks.


Message History

Confirm with . or Enter, or press ? or * to list all spells.
The jackal is struck by an arc of lightning!
You kill the jackal!
You resist.
You are struck by an arc of lightning.
The ice beast is struck by an arc of lightning!
The ice beast is moderately wounded.
You resist.
You are struck by an arc of lightning.
The lightning grounds out.
The ice beast closely misses you.
Casting: Static Discharge (safe; 2% risk of failure)
Confirm with . or Enter, or press ? or * to list all spells.
The ice beast is struck by an arc of lightning!
The ice beast is severely wounded.
You resist.
You are struck by an arc of lightning.
The ice beast hits you. The ice beast freezes you!
You feel yourself slow down.
* * * LOW HITPOINT WARNING * * *
The ice beast hits you.
* * * LOW HITPOINT WARNING * * *
The ice beast freezes you!
You feel as though you will be slow longer.
* * * LOW HITPOINT WARNING * * *
Aiming: Shock (safe; 1% risk of failure)
Press: ? - help, Q - select action, (/) - cycle Shift-Dir - straight line The zap misses the ice beast. x2
The ice beast hits you but does no damage.
The ice beast hits you.
* * * LOW HITPOINT WARNING * * *
The ice beast freezes you!
You feel as though you will be slow longer.
* * * LOW HITPOINT WARNING * * *
Aiming: Shock (safe; 1% risk of failure)
Press: ? - help, Q - select action, (/) - cycle Shift-Dir - straight line The zap hits the ice beast!
The ice beast is almost dead.
The zap hits the ice beast but does no damage.
The ice beast is almost dead.
The ice beast hits you.
* * * LOW HITPOINT WARNING * * *
The ice beast freezes you!
You feel as though you will be slow longer.
You die...

#..#.#.................
##.........#.######.#..
##.#.#....##.# #.#..
#........###.## #.#..
##.......##...#####.#..
##(...##.#..#..........
#.....##.#....#####.#..
##.#.#.##.#.#.######.#..
#......@#.#.#........##.
#######..#.#..Y..(†..########.
#............##..>##.# #.
#.#####....#....####.# ## #.#
#....#.#### #.# #
#.#######..#.# ##.#########
####.(..#
#....######...#.......
....###.#
#.##........#....##### #.#.#
#.# #.#########...#..#


You could see an ice beast.

Vanquished Creatures
  Menkaure (D:4)
  A scorpion (D:4)
  A water moccasin skeleton (D:4)
  A centaur skeleton (D:4)
  2 orc priests
  Natasha (thrice) (D:2)
  2 orc wizards (D:3)
  5 adders
  3 gnolls (D:3)
  A worm (D:4)
  10 orcs
  2 bats
  6 endoplasms
  4 giant cockroaches
  3 goblins
  6 hobgoblins
  12 jackals
  6 kobolds
  4 quokkas
  8 ball pythons
  4 frilled lizards
  5 rats
90 creatures vanquished.

Notes
Turn   | Place    | Note
-------+----------+-------------------------------------------
     0 | D:1      | pkoi the Draconian Air Elementalist began the quest for the
                  | Orb.
     0 | D:1      | Reached XP level 1. HP: 14/14 MP: 3/3
   347 | D:1      | Found a faded altar of an unknown god.
   591 | D:1      | Reached XP level 2. HP: 20/20 MP: 3/5
  1028 | D:1      | Reached skill level 4 in Air Magic
  1366 | D:1      | Reached XP level 3. HP: 26/26 MP: 3/6
  1857 | D:2      | Noticed Natasha
  1863 | D:2      | Killed Natasha
  2079 | D:2      | Reached skill level 5 in Air Magic
  2079 | D:2      | Reached XP level 4. HP: 33/33 MP: 1/7
  2319 | D:2      | Noticed Natasha
  2327 | D:2      | Killed Natasha
  2377 | D:2      | Noticed Natasha
  2382 | D:2      | Killed Natasha
  2383 | D:2      | Reached XP level 5. HP: 29/38 MP: 4/8
  2784 | D:3      | Reached skill level 6 in Air Magic
  3124 | D:3      | Noticed sizableburger's ghost (amateur DsHu)
  3125 | D:3      | Found a runed translucent door.
  3843 | D:3      | Reached XP level 6. HP: 45/45 MP: 1/9
  4101 | D:4      | Noticed Menkaure
  4121 | D:4      | Identified a scroll of acquirement
  4121 | D:4      | Acquired a book of the Dragon
  4160 | D:4      | Found a hide-covered altar of Uskayaw.
  4200 | D:4      | Reached skill level 7 in Air Magic
  4848 | D:4      | Learned a level 4 spell: Airstrike
  4868 | D:4      | Found a broken altar of Ashenzari.
  5120 | D:4      | Killed Menkaure
  5121 | D:4      | Reached skill level 8 in Air Magic
  5121 | D:4      | Your scales start taking on a glossy black colour.
  5121 | D:4      | Reached skill level 9 in Air Magic
  5121 | D:4      | Reached XP level 7. HP: 10/50 MP: 4/10
  5121 | D:4      | Gained mutation: You are resistant to electric shocks.
                  | (rElec) [Black Draconian growth]
  5729 | D:4      | Found Noufeh's Gadget Gallery.
  5957 | D:5      | Entered Level 5 of the Dungeon
  5974 | D:4      | Learned a level 3 spell: Swiftness
  5977 | D:4      | Learned a level 2 spell: Static Discharge
  6044 | D:4      | Slain by an ice beast

Illustrated notes

Levels and vault maps discovered:
D:1:      doesnt_arrival_eight_statues, layout_basic, basic_ecumenical_altar,
          minmay_distorted
D:2:      layout_rooms, uniq_natasha
D:3:      layout_rooms, hellmonk_ghost_happy_afterlife
D:4:      layout_loops_ring, mainiacjoe_overflow_catch_the_wave, serial_glass,
          glass_columns_a, glass_columns_a, glass_columns_b, glass_columns_b,
          glass_columns_a, glass_columns_a, glass_columns_a, glass_columns_a,
          nicolae_shop_gadgets, uniq_menkaure
D:5:      layout_rooms, temple_green, serial_shops, nicolae_shop_stone,
          grunt_ministairs_12

Skill      XL: |  1  2  3  4  5  6 |
---------------+-------------------+-----
Air Magic      | 4 5 6 9 |  9.9
Dodging        | |  1.7
Stealth        | |  1.7
Spellcasting   | |  2.3
Conjurations   | |  1.0

Action                   |  1- 3 |  4- 6 |  7- 9 || total
-------------------------+-------+-------+-------++-------
Melee: Dagger            |    88 |    26 |     1 ||   115
       Unarmed           |     4 |       |       ||     4
       Tailslap          |    11 |     3 |       ||    14
 Cast: Shock             |    63 |   116 |    27 ||   206
       Static Discharge  |       |       |     2 ||     2
 Abil: Breathe Lightning |       |       |     1 ||     1
  Use: Scroll            |       |     7 |       ||     7
Armor: Skin              |    28 |    15 |     5 ||    48
Dodge: Dodged            |    90 |    26 |    11 ||   127
